 Dungeon Crawl Stone Soup version 0.29.1-1-gd02db69 (webtiles) character file.

Game seed: 15171169878278721560

59 Kel the Chopper (level 4, 0/28 HPs)
             Began as a Gargoyle Berserker on Dec 10, 2022.
             Was a Believer of Trog.
             Slain by a gnoll
             ... wielding a +0 halberd
              (1 damage)
             ... on level 2 of the Dungeon.
             The game lasted 00:01:49 (1097 turns).

Kel the Chopper (Gargoyle Berserker)                Turns: 1097, Time: 00:01:50

Health: 0/28       AC: 13    Str: 22    XL:     4   Next: 3%
Magic:  4/4        EV:  8    Int:  8    God:    Trog [**....]
Gold:   74         SH:  0    Dex:  9    Spells: 3/3 levels left

rFire   + . .      SeeInvis .   j - +0 war axe
rCold   x . .      Faith    .   (no shield)
rNeg    + . .      Spirit   .   e - +0 chain mail
rPois   ∞          Reflect  .   (no helmet)
rElec   +          Harm     .   (no cloak)
rCorr   +          Rampage  .   (no gloves)
Will    .....                   k - +0 pair of boots
Stlth   ..........              (no amulet)
HPRegen 0.09/turn               c - ring of fire
MPRegen 0.09/turn               g - ring of resist corrosion

@: on berserk cooldown, slowed, very slow
A: sickness immunity, AC +3, negative energy resistance 1, electricity
resistance, torment resistance 1, petrification resistance
a: Renounce Religion, Berserk, Trog's Hand


You were on level 2 of the Dungeon.
You worshipped Trog.
Trog was pleased with you.
You visited 1 branch of the dungeon, and saw 2 of its levels.

You collected 74 gold pieces.

Inventory:

Hand Weapons
 j - a +0 war axe (weapon)
Armour
 e - a +0 chain mail (worn)
 k - a +0 pair of boots (worn)
Jewellery
 c - a ring of fire (left hand)
 g - a ring of resist corrosion (right hand)
Scrolls
 a - a scroll of teleportation {unknown}
 f - a scroll of immolation {unknown}
 h - a scroll of enchant armour {unknown}
 i - a scroll of identify {unknown}
 l - a scroll of fog {unknown}
 m - a scroll of summoning {unknown}
Potions
 b - 2 potions of mutation {unknown}
 d - a potion of curing


   Skills:
 - Level 3.2 Fighting
 + Level 4.3 Axes
 - Level 2.1 Armour
 - Level 1.5 Dodging


You had 3 spell levels left.
You didn't know any spells.
Your spell library was empty.

Dungeon Overview and Level Annotations

Branches:
Dungeon (2/15)

Altars:


Innate Abilities, Weirdness & Mutations

You are immune to sickness and miasma.
Your stone body is resilient. (AC +3)
You are immune to poison.
You resist negative energy. (rN+)
You are resistant to electric shocks. (rElec)
You are resistant to unholy torment.
You are immune to petrification.


Message History

You are too injured to fight recklessly!
You are too injured to fight recklessly!
You are too injured to fight recklessly!
You are too injured to fight recklessly!
You are too injured to fight recklessly!
You are too injured to fight recklessly!
You are too injured to fight recklessly!
You are too injured to fight recklessly!
You are too injured to fight recklessly!
You are too injured to fight recklessly!
A red film seems to cover your vision as you go berserk!
You feel yourself moving faster!
You feel mighty! The gnoll hits you with a +0 halberd!
You closely miss the gnoll.
The gnoll is heavily wounded.
The gnoll barely misses you. The gnoll hits you with a +0 halberd.
* * * LOW HITPOINT WARNING * * *
You closely miss the gnoll.
The gnoll is heavily wounded.
The gnoll hits you but does no damage. The gnoll hits you with a +0 halberd.
* * * LOW HITPOINT WARNING * * *
You hit the gnoll.
The gnoll is heavily wounded.
The gnoll closely misses you. The gnoll hits you but does no damage.
You slice the gnoll!!
You kill the gnoll!
Trog accepts your kill.
The gnoll hits you from afar with a +0 halberd.
* * * LOW HITPOINT WARNING * * *
You have reached level 4!
You feel clever.
You feel a strong urge to attack something.
You are no longer berserk.
You are exhausted.
You feel yourself slow down.
It was a potion of curing.
You feel better.
The gnoll hits you from afar with a +0 halberd.
* * * LOW HITPOINT WARNING * * *
The gnoll hits you from afar with a +0 halberd.
You die...

#. #... ..##......
#)####.## #.##......
##..#.).....####.##......
..........#.....#.##......
#.#.#####.#.#.###.##......
>. #.#.#.###.##...... #
#g#.#...#.##......
#.#.#.###..+......
#@#.#......#....~.
#.#.######.......# #.#.
#..###.~# #.# #..#<#.~+
#.# #..#...~+ ..#
#..###..+ ..# ...# ##~#
### ###.# #~~ ..# ##~~


You could see a gnoll.

Vanquished Creatures
  2 gnolls (D:2)
  A worm (D:2)
  5 endoplasms
  A giant cockroach (D:1)
  5 hobgoblins
  5 quokkas
  5 ball pythons
  5 bats
  4 frilled lizards (D:1)
  A kobold (D:1)
  A spectral goblin (D:2)
35 creatures vanquished.

Vanquished Creatures (others)
  8 toadstools (D:2)
8 creatures vanquished.

Grand Total: 43 creatures vanquished

Notes
Turn   | Place    | Note
-------+----------+-------------------------------------------
     0 | D:1      | Kel the Gargoyle Berserker began the quest for the Orb.
     0 | D:1      | Reached XP level 1. HP: 14/14 MP: 1/1
   237 | D:1      | Reached skill level 3 in Axes
   244 | D:1      | Reached XP level 2. HP: 14/19 MP: 2/2
   686 | D:2      | Reached XP level 3. HP: 23/23 MP: 3/3
   914 | D:2      | Reached ** piety under Trog
   915 | D:2      | Reached skill level 4 in Axes
  1000 | D:2      | Found a faded altar of an unknown god.
  1091 | D:2      | Reached XP level 4. HP: 2/28 MP: 4/4
  1095 | D:2      | HP: 1/28 [gnoll/+0 halberd (6)]
  1097 | D:2      | Slain by a gnoll

Illustrated notes

Levels and vault maps discovered:
D:1:      dpeg_arrival_erosion, layout_rooms
D:2:      cheibrodos_fertilizer, layout_basic,
          dreamdust_ecumenical_altar_drowned_temple, serial_shops, shop

Skill      XL: |  1  2  3 |
---------------+----------+-----
Axes           | 3 4 |  4.3
Fighting       | |  3.2
Armour         | |  2.1
Dodging        | |  1.5

Action                   |  1- 3 |  4- 6 || total
-------------------------+-------+-------++-------
Melee: Hand axe          |    43 |       ||    43
       War axe           |    50 |       ||    50
Invok: Berserk           |     1 |       ||     1
  Use: Potion            |       |     1 ||     1
Armor: Animal skin       |     6 |       ||     6
       Chain mail        |    67 |       ||    67
Dodge: Dodged            |    46 |       ||    46
